 Dungeon Crawl Stone Soup version 0.29-a0-520-gc852659d43 (webtiles) character file.

Game seed: 14124262792976517108

151979 siradein the Fighter (level 18, -25/147 HPs)
             Began as a Human Fighter on May 31, 2022.
             Was the Champion of the Shining One.
             Killed from afar by Nikola (64 damage)
             ... with an arc of chain lightning
             ... on level 2 of the Spider Nest.
             The game lasted 01:56:47 (35452 turns).

siradein the Fighter (Human Fighter)               Turns: 35452, Time: 01:56:48

Health: -25/147    AC: 36    Str: 23    XL:     18   Next: 19%
Magic:  36/36      EV:  8    Int: 13    God:    the Shining One [******]
Gold:   629        SH: 13    Dex: 15    Spells: 17/17 levels left

rFire   + + +      SeeInvis +   O - +6 flail of the Final Decision {vorpal, +Blink rPois Int+2}
rCold   + + .      Faith    .   Q - +0 kite shield {reflect}
rNeg    + + +      Spirit   .   c - +7 chain mail of Pemmasyv {-Cast rElec rF++ Regen+}
rPois   +          Reflect  +   t - +1 helmet of Loamyps {rF+ rCorr SInv}
rElec   +          Harm     .   J - +2 cloak
rCorr   +          Rampage  .   L - +2 pair of gloves {hurl}
Will    ++...      NoCast   +   R - +1 pair of boots
Stlth   ..........              k - amulet "Vepad" {Regen+ Int+3 Slay+2}
HPRegen 1.94/turn               q - +4 ring of protection
MPRegen 0.25/turn               B - ring "Wephakar" {rElec rC+ Will+ MP+9 SInv}

@: glowing, studying Air Magic
A: cold resistance 1, fire resistance 2, mutation resistance 1
a: Renounce Religion, Evoke Blink, Divine Shield, Cleansing Flame, Summon Divine
Warrior, Brand Weapon With Holy Wrath


You were on level 2 of the Spider Nest.
You worshipped the Shining One.
The Shining One was exalted by your worship.
You visited 6 branches of the dungeon, and saw 30 of its levels.
You visited the Abyss 1 time.
You also visited: Volcano.

You collected 2475 gold pieces.
You spent 1846 gold pieces at shops.

Inventory:

Hand Weapons
 r - a +8 eveningstar of protection
 O - the +6 flail of the Final Decision (weapon) {vorpal, +Blink rPois Int+2}
   (You bought it in a shop on level 2 of the Orcish Mines)

   It inflicts extra damage upon your enemies.
   Int:       It affects your intelligence (+2).
   rPois:     It protects you from poison.
   +Blink:    It lets you blink.
Missiles
 n - 5 curare-tipped darts
 w - 31 boomerangs (quivered)
 E - 15 javelins
 P - a throwing net
Armour
 c - the +7 chain mail of Pemmasyv (worn) {-Cast rElec rF++ Regen+}
   (You bought it in a shop on level 2 of the Orcish Mines)

   rF:        It greatly protects you from fire.
   rElec:     It insulates you from electricity.
   -Cast:     It prevents spellcasting.
   Regen:     It increases your rate of health regeneration.
 t - the +1 helmet of Loamyps (worn) {rF+ rCorr SInv}
   (You bought it in a shop on level 2 of the Orcish Mines)

   rF:        It protects you from fire.
   SInv:      It lets you see invisible.
   rCorr:     It protects you from acid and corrosion.
 J - a +2 cloak (worn)
 L - a +2 pair of gloves of hurling (worn)
 Q - a +0 kite shield of reflection (worn)
 R - a +1 pair of boots (worn)
Jewellery
 k - the amulet "Vepad" (around neck) {Regen+ Int+3 Slay+2}
   (You found it on level 15 of the Dungeon)

   [amulet of regeneration]

   Int:       It affects your intelligence (+3).
   Slay:      It affects your accuracy & damage with ranged weapons and melee
   (+2).
   Regen:     It increases your rate of health regeneration.
 q - a +4 ring of protection (left hand)
 y - a ring of willpower
 B - the ring "Wephakar" (right hand) {rElec rC+ Will+ MP+9 SInv}
   (You found it on level 4 of the Dungeon)

   [ring of willpower]

   rC:        It protects you from cold.
   rElec:     It insulates you from electricity.
   MP:        It affects your magic capacity (+9).
   SInv:      It lets you see invisible.
   Will:      It increases your willpower.
Wands
 a - a wand of digging (14)
 b - a wand of iceblast (54)
 i - a wand of charming (16)
 C - a wand of polymorph (22)
 H - a wand of paralysis (7)
 I - a wand of flame (76)
 K - a wand of mindburst (15)
 S - a wand of acid (21)
Scrolls
 e - a scroll of fear {unknown}
 j - 2 scrolls of blinking
 m - 6 scrolls of fog
 o - 3 scrolls of brand weapon
 s - 2 scrolls of magic mapping
 z - 7 scrolls of teleportation
 F - a scroll of immolation {unknown}
 M - 7 scrolls of amnesia
 T - 3 scrolls of poison
 U - 4 scrolls of silence
 Z - a scroll of summoning
Potions
 d - 6 potions of might
 f - 7 potions of flight
 g - 2 potions of resistance
 h - 8 potions of haste
 l - 12 potions of curing
 p - 8 potions of heal wounds
 u - 4 potions of magic
 A - 4 potions of brilliance
 D - 4 potions of attraction
 G - a potion of invisibility {unknown}
 N - 5 potions of lignification {unknown}
 V - a potion of mutation
 W - 3 potions of cancellation {unknown}
Miscellaneous
 v - a phantom mirror
 x - a lightning rod (4/4)
 Y - a tin of tremorstones (2/2)


   Skills:
 + Level 14.7 Fighting
 + Level 14.5 Maces & Flails
 + Level 6.0 Throwing
 + Level 14.6 Armour
 + Level 14.6 Shields
 + Level 12.1 Invocations
 + Level 6.0 Evocations


You had 17 spell levels left.
You didn't know any spells.
Your spell library contained the following spells:

 Spells                   Type           Power      Damage    Failure   Level
 Apportation              Tloc           0%         N/A       94%         1
 Foxfire                  Conj/Fire      0%         2x1d4     94%         1
 Shock                    Conj/Air       0%         1d3       94%         1
 Slow                     Hex            0%         N/A       94%         1
 Summon Small Mammal      Summ           0%         N/A       94%         1
 Blink                    Tloc           0%         N/A       98%         2
 Sublimation of Blood     Necr           0%         N/A       98%         2
 Call Canine Familiar     Summ           0%         N/A       100%        3
 Confusing Touch          Hex            0%         N/A       100%        3
 Conjure Flame            Conj/Fire      0%         6-21      100%        3
 Dazzling Flash           Conj/Hex       0%         N/A       100%        3
 Gell's Gravitas          Tloc           0%         N/A       100%        3
 Inner Flame              Hex/Fire       0%         N/A       100%        3
 Ozocubu's Armour         Ice            0%         N/A       100%        3
 Summon Guardian Golem    Hex/Summ       0%         N/A       100%        3
 Swiftness                Air            0%         N/A       100%        3
 Teleport Other           Tloc           0%         N/A       100%        3
 Vampiric Draining        Necr           0%         2d6       100%        3
 Airstrike                Air            0%         N/A       100%        4
 Flame Wave               Conj/Fire      0%         2d4       100%        4
 Iskenderun's Mystic Bla  Conj/Tloc      0%         2d3       100%        4
 Petrify                  Tmut/Erth      0%         N/A       100%        4
 Alistair's Intoxication  Tmut/Pois      0%         N/A       100%        5
 Fireball                 Conj/Fire      0%         3d3       100%        5
 Irradiate                Conj/Tmut      0%         3d13      100%        5
 Iskenderun's Battlesphe  Conj           0%         2d6       100%        5
 Manifold Assault         Tloc           0%         N/A       100%        5
 Conjure Ball Lightning   Conj/Air       0%         3x3d6     100%        6
 Dispersal                Tloc           0%         N/A       100%        6
 Starburst                Conj/Fire      0%         6d3       100%        6
 Orb of Destruction       Conj           0%         9d5       100%        7
 Ozocubu's Refrigeration  Ice            0%         4d5       100%        7
 Storm Form               Tmut/Air       0%         N/A       100%        7
 Discord                  Hex            0%         N/A       100%        8
 Disjunction              Tloc           0%         N/A       100%        8


Dungeon Overview and Level Annotations

Branches:
Dungeon (15/15)            Temple (1/1) D:6            Lair (6/6) D:10
  Swamp (4/4) Lair:3       Spider (2/4) Lair:2        Slime (0/5) Lair:5
    Orc (2/2) D:10            Elf (0/3) Orc:2        Vaults (0/5) D:13
 Depths (0/4) D:15        Volcano (visited)

Altars:
Ashenzari
Cheibriados
Dithmenos
Elyvilon
Fedhas
Gozag
Hepliaklqana
Kikubaaqudgha
Makhleb
Nemelex Xobeh
Okawaru
Qazlal
Ru
Sif Muna
Trog
Uskayaw
Vehumet
Wu Jian
Xom
Yredelemnul
Zin
The Shining One
Beogh
Lugonu

Shops:
D:5 [   Orc:2 [*(:

Portals:
Abyss: Lair:6

Annotations:
Spider:2 Nikola


Innate Abilities, Weirdness & Mutations

Your flesh is cold resistant. (rC+)
Your flesh is very heat resistant. (rF++)
You are somewhat resistant to further mutation.


Message History

Nikola drinks a potion.
Nikola seems to grow stronger.
You barely miss Nikola.
Nikola is heavily wounded.
Nikola gestures at you while chanting. The bolt of lightning hits you!
You resist.
You hit Nikola.
Nikola is severely wounded.
Nikola casts a spell at you. The bolt of lightning hits you! You resist.
Unknown command.
You hit Nikola.
Nikola is severely wounded.
Nikola hits you with a +1 rapier of electrocution!
You are too injured to fight recklessly!
Unknown command.
You hit Nikola.
Nikola is severely wounded.
You barely miss Nikola.
Nikola is severely wounded.
Nikola closely misses you.
You barely miss Nikola.
Nikola is severely wounded.
Nikola hits you but does no damage.
You hit Nikola.
Nikola is severely wounded.
Nikola gestures wildly while chanting.
Lightning arcs from Nikola's hands!
The bolt of lightning hits you!!! You resist.
* * * LOW HITPOINT WARNING * * *
A bolt of lightning appears from out of thin air!
The bolt of lightning hits Nikola!
You hear an angry hiss. x2
You hit Nikola but do no damage.
Nikola is severely wounded.
You sock Nikola!
Nikola is severely wounded.
Nikola casts a spell.
Lightning arcs from Nikola's hands!
The bolt of lightning hits you!!! You resist.
You die...

.#.# ###.#.####.................
...##^#.#†#^#..##................
........................##.......
.....................##.##.†..##.
......##....##.#...#.##...[#..##.
...##.##.##.####..##.......##....
##.##..^.##.# #....^.............
##..........####.@.#..........#..
...[............@#####..)..###...
.#.#..##.....#.^.# ##..#..# ...
#####.......####.##..####### ..
#.......# ##.^.# ..
#.......###..### ##.......#..##
#####....### ##..## #.##


You could see Nikola (strong).

Vanquished Creatures
  A tentacled monstrosity (Swamp:2)
  A thorn hunter (Swamp:3)
  Donald (Swamp:1)
  Kirke (D:14)
  An emperor scorpion (Spider:1)
  An orc warlord (Orc:1)
  The ghost of croobank the Covert, a journeyman GnDe of Gozag (Lair:4)
  2 broodmothers (Spider:2)
  3 eleionomae
  2 bunyips
  Snorg (D:14)
  An ettin (Orc:1)
  A vault guard (D:13)
  A shambling mangrove (Swamp:1)
  18 hydras
  6 boulder beetles
  A rakshasa (D:14)
  Erolcha (D:9)
  An ogre mage (D:15)
  A catoblepas (D:13)
  An alligator snapping turtle (shapeshifter) (Lair:5)
  A ghost crab (Swamp:2)
  5 centaur warriors
  10 alligators
  A dancing weapon (Lair:4)
  6 death yaks (Lair:5)
  2 tengu warriors (D:14)
  8 two-headed ogres
  4 thrashing horrors
  Urug (Orc:2)
  2 orc high priests
  A shadow wraith (D:13)
  2 wretched stars (Abyss:2)
  2 goliath frogs (Swamp:1)
  4 skeletal warriors (D:15)
  A sea snake (shapeshifter) (Lair:6)
  A flayed ghost (D:15)
  2 orb spiders (Spider:2)
  2 pharaoh ants
  A spriggan druid (Swamp:3)
  A wizard (D:14)
  A deep troll (shapeshifter) (Lair:6)
  A bog body (Swamp:2)
  3 swamp dragons
  A necromancer (D:15)
  5 orc knights
  Pikel (D:7)
  2 deep elf pyromancers (D:13)
  5 wolf spiders
  11 ugly things
  4 cyclopes
  3 manticores
  5 will-o-the-wisps
  A moth of wrath (Spider:1)
  4 orc sorcerers
  Joseph (D:7)
  11 black mambas
  A smoke demon (Lair:6)
  A torpor snail (Lair:3)
  A molten gargoyle (Volcano)
  4 gargoyles
  An efreet (Abyss:2)
  2 unseen horrors (D:12)
  15 cane toads
  3 rime drakes
  A kobold demonologist (D:9)
  A yaktaur (D:15)
  13 komodo dragons
  A yaktaur (shapeshifter) (Lair:6)
  A demonic crawler (Spider:2)
  A tengu conjurer (D:15)
  A guardian mummy (D:15)
  3 ancient zymes (Lair:6)
  A meliai (Lair:2)
  3 tyrant leeches
  7 hornets
  7 trolls
  2 polar bears
  10 tarantellas
  Grinder (D:3)
  9 slime creatures
  37 blink frogs
  14 dream sheep (Lair:6)
  A jumping spider (shapeshifter) (D:13)
  A jumping spider (Spider:1)
  An ettin skeleton (D:15)
  2 large abominations
  A yak (shapeshifter) (D:15)
  A shadow (D:10)
  7 culicivoras
  48 yaks
  4 wraiths
  11 spriggans
  2 water elementals (D:14)
  5 wyverns
  6 basilisks
  Grum (D:9)
  8 vampire mosquitoes
  3 chaos spawn (Lair:6)
  2 fire elementals (Volcano)
  18 redbacks
  5 hogs (D:14)
  2 human zombies (D:15)
  2 wargs (Orc:1)
  A glowing shapeshifter zombie (D:15)
  16 swamp worms
  3 acid dragons
  17 water moccasins
  30 orc warriors
  A sky beast (D:7)
  A swamp drake (Swamp:1)
  A meliai simulacrum (D:14)
  9 small abominations (Lair:6)
  3 black bears
  3 ice beasts
  11 ogres
  10 wolves
  12 centaurs
  3 lemures (D:7)
  Blork the orc (D:5)
  12 bullfrogs
  A gnoll sergeant (D:9)
  A necrophage (D:7)
  A wyvern zombie (D:6)
  4 scorpions
  A water moccasin zombie (D:6)
  21 wights
  15 killer bees
  6 electric eels
  5 howler monkeys
  3 lava snakes (Lair:3)
  2 bullfrog zombies (D:6)
  5 jellies
  2 hounds (D:5)
  A centaur skeleton (D:6)
  4 centaur zombies (D:6)
  2 bullfrog skeletons (D:6)
  A gnoll shaman (D:8)
  23 orc priests
  Ijyb (D:3)
  13 iguanas
  40 orc wizards
  Natasha (twice) (D:3)
  A killer bee zombie (D:6)
  Robin (D:1)
  A howler monkey zombie (D:6)
  3 adders
  13 gnolls
  A howler monkey skeleton (D:6)
  A shadow imp (D:7)
  2 white imps
  3 ufetubi
  3 dart slugs
  102 orcs
  4 ball pythons
  9 endoplasms
  7 giant cockroaches
  15 goblins
  6 hobgoblins
  7 jackals
  15 kobolds
  5 quokkas
  7 bats
  6 frilled lizards
  2 rats (D:3)
937 creatures vanquished.

Vanquished Creatures (others)
  2 bloated husks (Swamp:2)
  An orc priest (Orc:2)
  An orc (Orc:2)
  18 foxfires
  25 fungi
  60 plants
  6 withered plants
113 creatures vanquished.

Grand Total: 1050 creatures vanquished

Notes
Turn   | Place    | Note
-------+----------+-------------------------------------------
     0 | D:1      | siradein the Human Fighter began the quest for the Orb.
     0 | D:1      | Reached XP level 1. HP: 18/18 MP: 1/1
     6 | D:1      | Noticed a water moccasin
     6 | D:1      | Noticed a black bear
     7 | D:1      | Noticed a rime drake
     7 | D:1      | Noticed a lindwurm
   179 | D:1      | Reached XP level 2. HP: 24/24 MP: 2/2
   273 | D:1      | Reached XP level 3. HP: 19/29 MP: 3/3
   821 | D:2      | Found a stormy altar of Qazlal.
   979 | D:2      | Reached XP level 4. HP: 34/35 MP: 4/4
  1199 | D:2      | Noticed Robin
  1407 | D:2      | Reached XP level 5. HP: 11/42 MP: 3/5
  1996 | D:1      | Killed Robin
  2344 | D:3      | Noticed Natasha
  2345 | D:3      | Noticed Ijyb
  2549 | D:3      | Noticed Grinder
  2558 | D:3      | Paralysed by Grinder for 4 turns
  2576 | D:3      | Paralysed by Grinder for 4 turns
  2580 | D:3      | Killed Grinder
  2581 | D:3      | Reached XP level 6. HP: 26/49 MP: 2/6
  2863 | D:3      | Killed Ijyb
  2864 | D:3      | Reached XP level 7. HP: 55/55 MP: 7/7
  3005 | D:3      | Found a faded altar of an unknown god.
  3039 | D:3      | Killed Natasha
  3093 | D:3      | Identified the +6 mace "Locyr" {drain, rElec rN++}
  3295 | D:3      | Noticed Natasha
  3301 | D:3      | Killed Natasha
  3702 | D:4      | Identified the ring "Wephakar" {rElec rC+ Will+ MP+9 SInv}
  3766 | D:4      | Found a shimmering blue altar of Sif Muna.
  3769 | D:4      | Found a bloodstained altar of Trog.
  3771 | D:4      | Found a sparkling altar of Nemelex Xobeh.
  3784 | D:4      | Found a burning altar of Makhleb.
  3792 | D:4      | Found an ornate altar of the Wu Jian Council.
  4263 | D:4      | Reached skill level 5 in Fighting
  4295 | D:4      | Identified the +9 whip of Kugedd {freeze, *Noise rPois
                  | rCorr Str+9}
  4389 | D:4      | Reached skill level 5 in Armour
  4600 | D:5      | Entered Level 5 of the Dungeon
  4641 | D:5      | Reached skill level 5 in Shields
  4641 | D:5      | Reached XP level 8. HP: 61/62 MP: 8/8
  5110 | D:5      | Reached skill level 5 in Maces & Flails
  5129 | D:5      | Noticed Blork the orc
  5524 | D:5      | Found Ybraopecw's Armour Shoppe.
  5582 | D:5      | Killed Blork the orc
  5583 | D:5      | Reached XP level 9. HP: 63/69 MP: 9/9
  6115 | D:6      | Found a large runed translucent door.
  6115 | D:6      | Found a large runed translucent door.
  6332 | D:6      | Found a staircase to the Ecumenical Temple.
  6341 | Temple   | Entered the Ecumenical Temple
  7181 | D:7      | Reached XP level 10. HP: 59/79 MP: 10/10
  7291 | D:7      | Noticed Pikel
  7297 | D:7      | Killed Pikel
  7339 | D:7      | Identified the +6 mace of Nemelex Xobeh's Pride {vorpal,
                  | Dex+5}
  7554 | D:7      | Noticed a komodo dragon
  7560 | D:7      | Killed a komodo dragon
  7622 | D:7      | Noticed Joseph
  7643 | D:7      | Killed Joseph
  8646 | D:8      | Noticed a boulder beetle
  8747 | D:7      | Killed a boulder beetle
  8748 | D:7      | Reached XP level 11. HP: 24/87 MP: 8/11
  9188 | D:8      | Noticed a two-headed ogre
  9196 | D:8      | Killed a two-headed ogre
  9742 | D:9      | Found a shadowy altar of Dithmenos.
  9895 | D:9      | Noticed Grum
 10003 | D:9      | Killed Grum
 10142 | D:9      | Found a glowing silver altar of Zin.
 10142 | D:9      | Found a white marble altar of Elyvilon.
 10144 | D:9      | Found a glowing golden altar of the Shining One.
 10152 | D:9      | Became a worshipper of the Shining One
 10171 | D:9      | Found a hazy altar of Hepliaklqana.
 10317 | D:9      | Noticed a green ugly thing
 10348 | D:9      | Killed a green ugly thing
 10535 | D:9      | Noticed Erolcha
 10616 | D:9      | Killed Erolcha
 11024 | D:10     | Entered Level 10 of the Dungeon
 11117 | D:10     | Reached XP level 12. HP: 89/97 MP: 12/12
 11218 | D:10     | Found a sacrificial altar of Ru.
 11234 | D:10     | Noticed a two-headed ogre
 11234 | D:10     | Reached * piety under the Shining One
 11243 | D:10     | Killed a two-headed ogre
 11279 | D:10     | Reached skill level 10 in Fighting
 11279 | D:10     | Reached skill level 10 in Armour
 11466 | D:10     | Reached skill level 10 in Shields
 11603 | D:10     | Found a staircase to the Orcish Mines.
 11856 | D:10     | Found a staircase to the Lair.
 11863 | D:10     | Reached skill level 1 in Invocations
 11919 | D:11     | Noticed a five-headed hydra
 11935 | D:10     | Killed a five-headed hydra
 12094 | D:11     | Noticed a six-headed hydra
 12126 | D:10     | Killed a six-headed hydra
 12127 | D:10     | Reached skill level 10 in Maces & Flails
 12859 | Lair:1   | Entered Level 1 of the Lair of Beasts
 13288 | Lair:1   | Reached ** piety under the Shining One
 13316 | Lair:1   | Reached XP level 13. HP: 104/104 MP: 15/15
 14980 | Lair:2   | Reached skill level 5 in Invocations
 15776 | Lair:2   | Found a hole to the Spider Nest.
 16437 | Lair:3   | Found a staircase to the Swamp.
 18114 | Lair:4   | Reached XP level 14. HP: 109/114 MP: 18/18
 18534 | Lair:4   | Found a runed translucent door.
 18534 | Lair:4   | Found a shimmering altar of Xom.
 18617 | Lair:4   | Noticed croobank's ghost (journeyman GnDe)
 19123 | D:6      | Found a blossoming altar of Fedhas.
 19130 | D:6      | Found a broken altar of Ashenzari.
 19412 | Lair:5   | Reached *** piety under the Shining One
 19747 | Lair:5   | Found a staircase to the Slime Pits.
 20355 | Lair:6   | Entered Level 6 of the Lair of Beasts
 20482 | Lair:6   | Found a dark tunnel.
 20487 | Volcano  | Entered a volcano
 21160 | Lair:6   | Reached **** piety under the Shining One
 21342 | Lair:6   | Noticed an entropy weaver
 21342 | Lair:6   | a seven-headed hydra changed into an entropy weaver
 21413 | Lair:5   | HP: 3/116 [death yak (15)]
 21755 | Lair:5   | Reached XP level 15. HP: 112/122 MP: 21/21
 22917 | Lair:6   | Found a corrupted altar of Lugonu.
 22917 | Lair:6   | Found a one-way gate to the infinite horrors of the Abyss.
 23736 | D:12     | Identified a scroll of acquirement
 23737 | D:12     | Acquired a +3 eveningstar of protection
 23795 | D:12     | Reached ***** piety under the Shining One
 24262 | Orc:1    | Entered Level 1 of the Orcish Mines
 24408 | Orc:1    | You fall into a shaft and drop 1 floor!
 24408 | Orc:2    | Entered Level 2 of the Orcish Mines
 24765 | Orc:2    | Gained mutation: You occasionally shout uncontrollably at
                  | your foes. [a neqoxec]
 24893 | Orc:2    | Found a staircase to the Elven Halls.
 25568 | D:5      | Bought a +0 tower shield for 54 gold pieces
 26099 | Orc:2    | Noticed an orc warlord
 26295 | Orc:1    | Killed an orc warlord
 26324 | Orc:1    | Reached skill level 10 in Invocations
 26435 | Orc:2    | Noticed Urug
 26457 | Orc:2    | Killed Urug
 26673 | Orc:2    | Reached XP level 16. HP: 129/131 MP: 23/23
 26749 | Orc:2    | Found Vubbuyph's General Store.
 26770 | Orc:2    | Bought a scroll of identify for 30 gold pieces
 26906 | Orc:2    | Found Kecheaza's Book Shoppe.
 26921 | Orc:2    | Found Qyfirev's Antique Weapon Shoppe.
 26937 | Orc:2    | Found Zeisul's Antique Armour Shoppe.
 26944 | Orc:2    | Bought a pair of embroidered boots for 187 gold pieces
 26949 | Orc:2    | Bought a polished helmet for 237 gold pieces
 26949 | Orc:2    | Identified the +1 helmet of Loamyps {rF+ rCorr SInv} (You
                  | bought it in a shop on level 2 of the Orcish Mines)
 26964 | Orc:2    | Bought a buzzing chain mail for 237 gold pieces
 26964 | Orc:2    | Identified the +7 chain mail of Pemmasyv {-Cast rElec rF++
                  | Regen+} (You bought it in a shop on level 2 of the Orcish
                  | Mines)
 26964 | Orc:2    | Bought a glimmering chain mail for 237 gold pieces
 26964 | Orc:2    | Identified the +1 chain mail of Ikeckuta {+Inv rN+ Int-3
                  | Dex+6} (You bought it in a shop on level 2 of the Orcish
                  | Mines)
 27496 | D:13     | Found a snail-covered altar of Cheibriados.
 27584 | D:13     | Found a gate to the Vaults.
 27861 | D:13     | Reached skill level 1 in Evocations
 27946 | D:14     | Reached skill level 1 in Throwing
 28349 | D:14     | Reached ****** piety under the Shining One
 28406 | D:14     | Noticed Kirke
 28429 | D:14     | Killed Kirke
 28571 | D:14     | Cast into level 2 of the Abyss (a wizard)
 28683 | D:14     | Escaped the Abyss
 28706 | D:14     | Lost mutation: You occasionally shout uncontrollably at
                  | your foes. [potion of mutation]
 28706 | D:14     | Gained mutation: Armour fits poorly on your strangely
                  | shaped body. [potion of mutation]
 28706 | D:14     | Lost mutation: Armour fits poorly on your strangely shaped
                  | body. [potion of mutation]
 28706 | D:14     | Gained mutation: You are agile. (Dex +2) [potion of
                  | mutation]
 28706 | D:14     | Gained mutation: You have a pair of small horns on your
                  | head. [potion of mutation]
 28707 | D:14     | Lost mutation: You are agile. (Dex +2) [potion of mutation]
 28707 | D:14     | Lost mutation: You have a pair of small horns on your head.
                  | [potion of mutation]
 28707 | D:14     | Gained mutation: You sometimes lose the ability to read
                  | scrolls when taking damage. [potion of mutation]
 28707 | D:14     | Gained mutation: Your flesh is cold resistant. (rC+)
                  | [potion of mutation]
 28707 | D:14     | Gained mutation: Your spells are a little harder to cast,
                  | but a little more powerful. [potion of mutation]
 28939 | D:14     | Noticed Snorg
 28949 | D:14     | Killed Snorg
 29203 | D:15     | Entered Level 15 of the Dungeon
 29482 | D:15     | Found a staircase to the Depths.
 29986 | D:15     | Identified the amulet "Vepad" {Regen+ Int+3 Slay+2}
 30197 | D:15     | Upgraded the game from 0.29-a0-517-gbdf32494f2 to
                  | 0.29-a0-520-gc852659d43
 30409 | Swamp:1  | Entered Level 1 of the Swamp
 30449 | Lair:3   | Reached XP level 17. HP: 117/139 MP: 25/25
 30670 | Swamp:1  | You fall into a shaft and drop 1 floor!
 30838 | Swamp:1  | Noticed Donald
 30856 | Swamp:1  | Killed Donald
 31313 | Swamp:2  | Identified the +7 quarterstaff of the Bashing Whale
                  | {protect, Contam +Blink rElec rCorr}
 31417 | Swamp:1  | Lost mutation: Your spells are a little harder to cast, but
                  | a little more powerful. [potion of mutation]
 31417 | Swamp:1  | Lost mutation: You sometimes lose the ability to read
                  | scrolls when taking damage. [potion of mutation]
 31417 | Swamp:1  | Gained mutation: You are somewhat resistant to further
                  | mutation. [potion of mutation]
 31417 | Swamp:1  | Gained mutation: Your flesh is heat resistant. (rF+)
                  | [potion of mutation]
 31417 | Swamp:1  | Gained mutation: Your flesh is very heat resistant. (rF++)
                  | [potion of mutation]
 31844 | Swamp:3  | Noticed a tentacled monstrosity
 31871 | Swamp:2  | Killed a tentacled monstrosity
 31872 | Swamp:2  | Reached skill level 5 in Throwing
 31872 | Swamp:2  | Reached skill level 5 in Evocations
 32432 | Swamp:3  | Noticed a thorn hunter
 32444 | Swamp:3  | Killed a thorn hunter
 32743 | Spider:1 | Entered Level 1 of the Spider Nest
 33104 | Orc:2    | Bought the +6 flail of the Final Decision {vorpal, +Blink
                  | rPois Int+2} for 864 gold pieces
 33291 | Swamp:4  | Entered Level 4 of the Swamp
 34728 | Lair:4   | Reached XP level 18. HP: 147/147 MP: 26/26
 34759 | Lair:4   | Killed croobank's ghost
 34984 | Spider:2 | Noticed Nikola
 35044 | Spider:2 | Found the ring of the Mage {Wiz Archmagi}
 35452 | Spider:2 | Killed from afar by Nikola

Illustrated notes

Levels and vault maps discovered:
D:1:      onia_arrival_zoo_common, layout_rooms, lexackson_kobold_supper
D:2:      layout_rooms, basic_altar, minivault_19, nicolae_figureground_pulse,
          uniq_robin
D:3:      layout_loops_corners, nicolae_ecumenical_oubliette, dk_noncrumbling_4,
          uniq_ijyb, uniq_natasha, uniq_grinder
D:4:      layout_basic, grunt_temple_overflow_open
D:5:      layout_basic, nicolae_stop_n_shop_2, uniq_blork_the_orc
D:6:      layout_rooms, jmf_multi_god_temple2, minmay_temple_entry_slanted,
          serial_undead, serial_undead_d, serial_undead_d, serial_undead_f,
          serial_undead_d
D:7:      layout_basic, chequers_serial_rivers_micro_b, grunt_decor_resistance,
          grunt_ministairs_2, minmay_lizard_king, uniq_joseph, uniq_pikel
D:8:      layout_rooms
D:9:      layout_irregular_city, dreamdust_divine_triumvirate,
          mainiacjoe_overflow_paths, mainiacjoe_overflow_six_doors_small,
          amcnicky_mini_pool_small, uniq_erolcha, uniq_grum
D:10:     layout_big_octagon, nicolae_ru_awakened_eye,
          grunt_lair_entry_orc_guard_hut, hiddenorc2_lemuel, st_stairs_13
D:11:     layout_small_grid
D:12:     layout_cave_pools
D:13:     layout_gridville, david_vaults_4, kennysheep_slug_shrine
D:14:     layout_basic, nicolae_twisting_strands, nrook_mini_vaults, uniq_snorg,
          uniq_kirke
D:15:     gammafunk_depths_entry_grave, layout_loops_cross,
          hangedman_abyss_or_decor_stagger
Temple:   jpeg_temple_island
Lair:1:   layout_cave_pods, serial_bayou_ford_a
Lair:2:   layout_roguey, hellmonk_spider_entry_not_the_bees
Lair:3:   layout_cave_shapes, minmay_swamp_entry_reptiles,
          nicolae_lair_liquid_snakes, lemuel_fruit_tree
Lair:4:   layout_cave_shapes, ebering_ghost_xom, grunt_megastairs_4
Lair:5:   cheibrodos_lair_river_kwai, layout_gridlike,
          nicolae_slime_entry_slimehenge
Lair:6:   hellmonk_lair_end_abyssal_woods, layout_cave_pods, enter_volcano_1
Swamp:1:  layout_basic_swamp, hangedman_swamp_ruin_wall,
          infiniplex_staircase_pool_2, uniq_donald
Swamp:2:  layout_falls_marsh, evilmike_swamp_ruin_house_2, swamp_pool1
Swamp:3:  layout_basic_swamp, evilmike_swamp_ruin_house_3
Swamp:4:  swamp_alternative, layout_basic_swamp, swamp_pool5
Spider:1: layout_chambers
Spider:2: layout_cave_pods, hangedman_spider_tarantella_strand, uniq_azrael,
          uniq_nikola
Orc:1:    layout_diamond_mine
Orc:2:    grunt_orc_cross, layout_diamond_mine

Skill      XL: |  1  2  3  4  5  6  7  8  9 10 11 12 13 14 15 16 17 18 |
---------------+-------------------------------------------------------+-----
Maces & Flails | 3 4 5 6 8 9 10 11 12 13 14 | 14.5
Fighting       | 4 5 6 7 8 9 10 11 12 13 14 | 14.7
Armour         | 4 5 6 7 8 9 10 11 12 13 14 | 14.6
Shields        | 4 5 7 8 9 10 11 12 13 14 | 14.6
Invocations    | 3 6 8 10 11 12 | 12.1
Evocations     | 3 5 6 |  6.0
Throwing       | 3 5 6 |  6.0

Action                   |  1- 3 |  4- 6 |  7- 9 | 10-12 | 13-15 | 16-18 || total
-------------------------+-------+-------+-------+-------+-------+-------++-------
Melee: Flail             |    80 |   174 |    20 |       |       |   282 ||   556
       Mace              |       |       |    69 |     5 |   361 |       ||   435
       Whip              |       |       |   262 |   656 |   733 |       ||  1651
       Morningstar       |       |       |       |    12 |    31 |       ||    43
       Eveningstar       |       |       |       |       |   378 |   976 ||  1354
       Unarmed           |       |       |       |       |       |    11 ||    11
Throw: Dart              |       |       |       |     3 |     9 |       ||    12
       Boomerang         |       |       |       |     3 |     3 |       ||     6
       Throwing net      |       |       |       |     1 |       |       ||     1
Invok: Divine Shield     |       |       |       |       |     2 |     2 ||     4
  Use: Scroll            |     4 |     2 |     4 |     8 |    17 |     9 ||    44
       Potion            |       |       |       |       |     1 |     4 ||     5
 Stab: Confused          |       |       |     2 |       |       |       ||     2
Armor: Scale mail        |    40 |    87 |       |       |       |       ||   127
       Chain mail        |       |    10 |   168 |   270 |   239 |   912 ||  1599
       Plate armour      |       |       |       |    43 |   612 |     6 ||   661
Dodge: Dodged            |    32 |    94 |   106 |   173 |   355 |   323 ||  1083
Block: Buckler           |    18 |    42 |    64 |   176 |   339 |       ||   639
       Tower shield      |       |       |       |       |   187 |   740 ||   927
       Kite shield       |       |       |       |       |       |   344 ||   344
       Reflection        |       |       |       |       |       |     2 ||     2

Table legend: (Time is in decaauts)
 A = Elapsed time spent in this place.
 B = Non-inter-level travel time spent in this place.
 C = Inter-level travel time spent in this place.
 D = Time resting spent in this place.
 E = Time spent auto-exploring this place.
 F = Levels seen in this place.
 G = Mean time per level.
                   A        B        C        D        E       F      G
               +--------+--------+--------+--------+--------+-----+--------+
         Total |  35202 |  32652 |   2550 |   3935 |  19994 |  32 | 1100.1 |
       Dungeon |  17243 |  16115 |   1128 |   1598 |  10287 |  15 | 1149.5 |
        Temple |    276 |    276 |      0 |      0 |    238 |   1 |  276.0 |
          Lair |  10216 |   9248 |    968 |   1175 |   5990 |   6 | 1702.7 |
         Swamp |   2449 |   2243 |    206 |    241 |   1177 |   4 |  612.2 |
   Spider Nest |   1907 |   1868 |     39 |    180 |   1273 |   2 |  953.5 |
  Orcish Mines |   2739 |   2532 |    207 |    739 |    911 |   2 | 1369.5 |
         Abyss |    113 |    113 |      0 |      0 |      0 |   1 |  113.0 |
       Volcano |    257 |    257 |      0 |      0 |    117 |   1 |  257.0 |
               +--------+--------+--------+--------+--------+-----+--------+

Top non-repeatable levels by time:
  Lair:1: 2024 daAuts
  Lair:6: 1992 daAuts
  Lair:3: 1937 daAuts
     D:7: 1856 daAuts
  Lair:2: 1512 daAuts
  Lair:5: 1489 daAuts
   Orc:2: 1429 daAuts
     D:2: 1364 daAuts
Spider:1: 1319 daAuts
    D:10: 1312 daAuts
   Orc:1: 1309 daAuts
  Lair:4: 1260 daAuts
     D:5: 1250 daAuts
     D:3: 1241 daAuts
     D:6: 1236 daAuts
